 Dungeon Crawl Stone Soup version 0.27.1-1-g398f81649c (webtiles) character file.

Game seed: 10092015948995542744

38 H0rd4k the Magician (level 3, -1/21 HPs)
             Began as an Octopode Hedge Wizard on Sept 16, 2021.
             Slain by an adder (5 damage)
             ... on level 2 of the Dungeon.
             The game lasted 00:01:46 (1951 turns).

H0rd4k the Magician (Octopode Hedge Wizard)         Turns: 1951, Time: 00:01:48

Health: -1/21      AC:  1    Str:  9    XL:     3   Next: 43%
Magic:  1/8        EV: 10    Int: 17    God:
Gold:   108        SH:  0    Dex: 11    Spells: 0/9 levels left

rFire    . . .     SeeInvis .   a - +0 dagger
rCold    . . .     Faith    .   (no shield)
rNeg     . . .     Spirit   .   b - +0 hat
rPois    .         Reflect  .   (no amulet)
rElec    .         Harm     .   (no ring)
rCorr    .         Rampage  .   (no ring)
Will     .....                  (no ring)
Stlth    +++.......             (no ring)
HPRegen  0.07/turn              (no ring)
MPRegen  0.11/turn              (no ring)
                                (no ring)
                                (no ring)

@: constricted
A: almost no armour, amphibious, 8 rings, camouflage 1, gelatinous body 1,
(nimble swimmer 1), tentacles
a: no special abilities


You were on level 2 of the Dungeon.
You visited 1 branch of the dungeon, and saw 2 of its levels.

You collected 108 gold pieces.

Inventory:

Hand Weapons
 a - a +0 dagger (weapon)
Armour
 b - a +0 hat (worn)
Jewellery
 g - an amulet of the acrobat
Scrolls
 c - a scroll of identify {unknown}
 d - a scroll of enchant weapon {unknown}
Potions
 e - a potion of might {unknown}
 f - a potion of berserk rage {unknown}
 h - a potion of curing {unknown}


   Skills:
 + Level 2.3 Dodging
 + Level 3.0 Stealth
 + Level 3.7 Spellcasting
 + Level 1.3 Conjurations
 + Level 1.0 Summonings
 + Level 1.0 Translocations
 * Level 0.1 Poison Magic


You couldn't memorise any spells.
You knew the following spells:

 Your Spells              Type           Power      Damage    Failure   Level
a - Magic Dart            Conj           28%        1d4       10%         1
b - Blink                 Tloc           N/A        N/A       16%         2
c - Conjure Flame         Conj/Fire      5%         6-21      36%         3
d - Mephitic Cloud        Conj/Pois/Air  4%         N/A       36%         3

Your spell library contained the following spells:

 Spells                   Type           Power      Damage    Failure   Level
 Corona                   Hex            3%         N/A       16%         1
 Call Imp                 Summ           6%         N/A       16%         2
 Ensorcelled Hibernation  Hex/Ice        6%         N/A       24%         2
 Slow                     Hex            3%         N/A       24%         2
 Stone Arrow              Conj/Erth      10%        3d7       36%         3
 Ozocubu's Armour         Ice            3%         N/A       43%         3
 Tukima's Dance           Hex            3%         N/A       43%         3
 Metabolic Englaciation   Hex/Ice        1%         N/A       99%         5
 Simulacrum               Ice/Necr       1%         N/A       100%        6
 Lehudib's Crystal Spear  Conj/Erth      2%         10d2      100%        8
 Animate Armour           Summ/Erth      Unusable   N/A       N/A         4

Dungeon Overview and Level Annotations

Branches:
Dungeon (2/15)

Altars:

Annotations:
D:2 Jessica


Innate Abilities, Weirdness & Mutations

You cannot wear most types of armour.
You are amphibious.
You can wear up to eight rings at the same time.
Your skin changes colour to match your surroundings (Stealth+).
Your rubbery body absorbs attacks. (AC +1, EV +1)
((You are camouflaged near water. (Stealth+)))
You have tentacles for arms and can constrict up to eight enemies at once.


Message History

You are very lightly contaminated with residual magic.
Nothing appears to happen.
The magic dart hits the adder.
The adder is lightly wounded.
The adder hisses angrily.
A ball python comes into view.
The magic dart hits the adder but does no damage.
The adder is lightly wounded.
The ball python hisses angrily.
A ball python comes into view.
The ball python moves out of view.
The magic dart hits the adder.
The adder is moderately wounded.
The magic dart hits the adder.
The adder is heavily wounded.
The magic dart hits the adder but does no damage.
The adder is heavily wounded.
The adder closely misses you.
The magic dart hits the adder.
The adder is heavily wounded.
The adder closely misses you.
Your magical contamination has completely faded away.
The magic dart hits the adder.
The adder is almost dead.
The ball python bites you. The ball python barely misses you.
The adder bites you.
You are too depleted to draw on your mana recklessly!
You hit the adder but do no damage. Your grab misses the adder.
The adder is almost dead.
The adder misses you. The ball python barely misses you. x2
The ball python bites you. The ball python grabs you.
The ball python constricts you.
You barely miss the adder. Your grab misses the adder.
The adder is almost dead.
The adder bites you. The ball python bites you. x2
* * * LOW HITPOINT WARNING * * *
The ball python constricts you.
* * * LOW HITPOINT WARNING * * *
The adder bites you.
You die...

......#.#######.#
#.# #####..^..#
#<#####.# #.#.#.#
#.......##
#.#...#
###.......
#.###.# #.....##
###.###.# #.#
#..####
........###.#
#..#
.##.###.....#
#..#####
#......@S.#
#.......
#######SS##
##.##### ##.#
#...... ...#
####### .##... .
.##. . .# ..


You could see an adder and 2 ball pythons.

Vanquished Creatures
  A dart slug (D:1)
  2 bats (D:1)
  6 endoplasms
  A giant cockroach (D:1)
  5 hobgoblins (D:1)
  2 quokkas (D:1)
  4 ball pythons (D:1)
  3 frilled lizards (D:1)
  5 goblins
  A kobold (D:2)
  A rat (D:1)
31 creatures vanquished.

Notes
Turn   | Place    | Note
-------+----------+-------------------------------------------
     0 | D:1      | H0rd4k the Octopode Hedge Wizard began the quest for the
                  | Orb.
     0 | D:1      | Reached XP level 1. HP: 11/11 MP: 4/4
   297 | D:1      | Reached XP level 2. HP: 13/17 MP: 0/6
  1147 | D:1      | Reached XP level 3. HP: 21/21 MP: 6/8
  1150 | D:1      | Learned a level 2 spell: Blink
  1688 | D:2      | Noticed Jessica
  1829 | D:2      | Learned a level 3 spell: Conjure Flame
  1833 | D:2      | Learned a level 3 spell: Mephitic Cloud
  1951 | D:2      | Slain by an adder

Illustrated notes

Levels and vault maps discovered:
D:1:      scummos_arrival_hexagon, layout_loops_corners
D:2:      layout_loops_corners, basic_ecumenical_altar, minmay_tetromino_o4,
          uniq_jessica

Skill      XL: |  1  2  3 |
---------------+----------+-----
Stealth        | 3 |  3.0
Dodging        | |  2.3
Spellcasting   | |  3.7
Conjurations   | |  1.3
Summonings     | |  1.0
Translocations | |  1.0
Poison Magic   | |  0.1

Action                   || total
-------------------------++-------
Melee: Dagger            ||    13
       Constrict         ||     3
       Tentacles         ||     1
 Cast: Magic Dart        ||    75
Armor: Skin              ||     3
Dodge: Dodged            ||    16
